Map: Goldenaura LE

Players

Stats - Winner!

  • Race: Protoss Protoss
  • League: Master
  • Spawn Location: 5:00

sOs

  • Race: Protoss Protoss
  • League: Master
  • Spawn Location: 12:00

Event: IEM Katowice 2024

VOD

Have the link to the VOD?

Description

Time

  • Played on: Dec. 6, 2023, 6:42 a.m.
  • Length: 8:16

All games in this series

Show
View Real Time Build Order
Export as new Build Order

Stats Protoss - Winner!

Build Orders:  

Get SALT Encoding   

  12  0:00  Probe  
  13  0:12  Probe  
  14  0:17  Pylon  
  14  0:24  Probe (Chrono Boost)  
  15  0:36  Gateway, Probe (Chrono Boost)  
  16  0:44  Probe (Chrono Boost)  
  16  0:46  Assimilator  
  17  0:50  Probe  
  17  0:55  Assimilator  
  18  1:03  Probe (Chrono Boost)  
  19  1:08  Gateway  
  19  1:14  Probe (Chrono Boost)  
  20  1:18  Probe (Chrono Boost)  
  20  1:25  Cybernetics Core  
  21  1:29  Probe  
  22  1:35  Pylon  
  22  1:41  Probe  
  23  1:53  Probe  
  24  2:02  Warp Gate, Stalker x2  
  24  2:05  Probe  
  29  2:12  Pylon  
  29  2:29  Robotics Facility  
  29  2:32  Stalker  
  29  2:36  Stalker  
  33  3:03  Nexus  
  33  3:11  Sentry  
  33  3:12  Sentry  
  37  3:16  Probe  
  35  3:22  Warp Prism (Chrono Boost)  
  37  3:30  Probe  
  38  3:36  Pylon  
  38  3:42  Probe  
  39  3:54  Adept x2  
  39  3:55  Observer  
  44  3:57  Probe  
  45  4:04  Shield Battery  
  46  4:11  Probe (Chrono Boost)  
  46  4:17  Probe (Chrono Boost)  
  48  4:25  Immortal  
  48  4:26  Probe (Chrono Boost)  
  48  4:30  Probe (Chrono Boost)  
  52  4:33  Probe  
  54  4:45  Probe x2  
  53  4:48  Twilight Council  
  54  4:57  Probe x2  
  56  5:03  Immortal (Chrono Boost)  
  56  5:05  Pylon  
  60  5:09  Gateway  
  60  5:14  Probe x2  
  60  5:16  Blink (Chrono Boost)  
  62  5:25  Stalker  
  62  5:26  Stalker  
  66  5:36  Nexus  
  66  5:40  Pylon  
  66  5:49  Immortal  
  70  5:56  Assimilator  
  70  5:58  Probe x2  
  70  6:03  Stalker  
  70  6:04  Stalker  
  76  6:07  Pylon  
  76  6:10  Stalker  
  78  6:25  Probe x2, Pylon  
  80  6:32  Stalker  
  80  6:33  Stalker x2  
  80  6:37  Pylon  
  86  6:43  Probe x2  
  88  6:52  Probe  
  89  6:55  Probe x2  
  89  6:56  Stalker x3  
  83  7:17  Probe x3  
  83  7:20  Stalker x3  
  83  7:22  Forge  
  86  7:29  Probe x3  
  83  7:41  Probe x3  
  86  7:44  Stalker x3  
  86  7:48  Gateway  
  86  7:50  Gateway  
  84  8:08  Stalker x3  
  90  8:15  Gateway  
Show
View Real Time Build Order
Export as new Build Order

sOs Protoss 

Build Orders: Phoenix Opening, Blink Stalkers 

Get SALT Encoding   

  12  0:00  Probe  
  13  0:12  Probe  
  14  0:17  Pylon  
  14  0:24  Probe (Chrono Boost)  
  16  0:36  Gateway, Probe (Chrono Boost)  
  16  0:43  Probe (Chrono Boost)  
  16  0:46  Assimilator  
  17  0:51  Probe  
  17  0:54  Assimilator  
  18  1:03  Probe (Chrono Boost)  
  19  1:08  Gateway  
  19  1:12  Probe (Chrono Boost)  
  19  1:18  Probe  
  21  1:25  Cybernetics Core  
  21  1:30  Probe  
  22  1:36  Pylon  
  22  1:42  Probe  
  23  1:54  Probe  
  24  2:02  Stalker  
  24  2:03  Warp Gate  
  26  2:12  Sentry  
  28  2:25  Pylon  
  28  2:34  Stalker  
  30  2:43  Sentry  
  32  2:46  Nexus  
  32  2:50  Probe  
  33  2:55  Shield Battery  
  33  3:09  Probe (Chrono Boost)  
  32  3:17  Twilight Council  
  32  3:22  Probe (Chrono Boost)  
  32  3:24  Sentry, Stalker  
  37  3:28  Pylon  
  37  3:29  Probe (Chrono Boost)  
  38  3:40  Probe (Chrono Boost)  
  39  3:51  Blink (Chrono Boost), Phoenix  
  39  3:52  Probe (Chrono Boost)  
  40  3:58  Probe (Chrono Boost)  
  40  4:00  Probe (Chrono Boost)  
  42  4:06  Probe  
  43  4:11  Probe  
  43  4:15  Stalker x2  
  48  4:18  Probe  
  48  4:24  Probe  
  50  4:31  Probe  
  51  4:36  Phoenix  
  50  4:43  Probe (Chrono Boost)  
  50  4:48  Probe (Chrono Boost)  
  50  4:52  Stalker x2  
  53  4:53  Pylon  
  53  4:54  Probe (Chrono Boost)  
  53  4:58  Probe (Chrono Boost)  
  53  4:59  Probe (Chrono Boost)  
  56  5:06  Nexus  
  56  5:07  Probe  
  56  5:09  Probe  
  58  5:16  Shield Battery, Stalker  
  58  5:17  Phoenix  
  58  5:18  Stalker  
  58  5:20  Probe  
  63  5:23  Forge  
  63  5:26  Probe  
  64  5:32  Probe  
  65  5:40  Gateway  
  65  5:41  Gateway  
  65  5:44  Stalker  
  65  5:47  Robotics Facility  
  67  5:50  Stalker  
  69  5:58  Pylon  
  69  5:59  Shield Battery  
  69  6:00  Probe  
  69  6:01  Phoenix  
  69  6:03  Protoss Ground Weapons Level 1  
  70  6:04  Charge  
  70  6:08  Pylon  
  72  6:18  Pylon  
  72  6:20  Probe x3 (Chrono Boost)  
  73  6:30  Probe (Chrono Boost)  
  73  6:31  Probe x2 (Chrono Boost)  
  73  6:32  Immortal (Chrono Boost)  
  76  6:37  Probe  
  81  6:40  Probe x2  
  81  6:41  Shield Battery  
  81  6:43  Stalker x3  
  89  6:50  Assimilator  
  89  6:53  Gateway  
  89  6:55  Gateway  
  89  6:58  Shield Battery  
  81  7:09  Immortal (Chrono Boost)  
  75  7:16  Zealot x2, Stalker x2  
  75  7:21  Probe x3  
  60  7:36  Probe x2  
  60  7:37  Probe  
  57  7:39  Zealot, Stalker x2  
  57  7:40  Stalker  
  57  7:43  Pylon  
  55  7:58  Zealot x2  
  51  8:04  Zealot  
  51  8:05  Zealot  
  52  8:06  Zealot  
  52  8:07  Stalker  
  52  8:08  Zealot x2  

Tags
 
Add a new tag
Caveats
  • Supply blocks, unpowered buildings, or Contaminate may cause inaccurate times.
  • Supply counts are checked every 10 seconds.